 Dungeon Crawl Stone Soup version 0.28-a0-500-g121bc3e445 (webtiles) character file.

Game seed: 10839801802014515516

142 Shayle the Skirmisher (level 5, -1/54 HPs)
             Began as an Ogre Warper on Sept 19, 2021.
             Was an Initiate of Qazlal.
             Slain by a gnoll (8 damage)
             ... on level 6 of the Dungeon.
             The game lasted 00:12:12 (4237 turns).

Shayle the Skirmisher (Ogre Warper)                 Turns: 4237, Time: 00:12:13

Health: -1/54      AC:  4    Str: 15    XL:     5   Next: 25%
Magic:  6/10       EV: 14    Int: 15    God:    Qazlal [......]
Gold:   129        SH:  0    Dex:  8    Spells: 1/11 levels left

rFire   . . .      SeeInvis .   a - +1 spear
rCold   . . .      Faith    .   (no shield)
rNeg    . . .      Spirit   .   b - +0 robe
rPois   .          Reflect  .   (helmet restricted)
rElec   .          Harm     .   e - +0 cloak
rCorr   .          Rampage  .   (gloves unavailable)
Will    .....                   (boots unavailable)
Stlth   +.........              (no amulet)
HPRegen 0.18/turn               g - +4 ring of evasion
MPRegen 0.12/turn               (no ring)

@: flying
A: large, unfitting armour, tough skin 1
a: Renounce Religion


You were on level 6 of the Dungeon.
You worshipped Qazlal.
Qazlal was noncommittal.
You visited 2 branches of the dungeon, and saw 7 of its levels.

You collected 143 gold pieces.
You spent 14 gold pieces at shops.

Inventory:

Hand Weapons
 a - a +1 spear (weapon)
 l - a +1 hand axe of distortion
Missiles
 d - 3 boomerangs of dispersal (quivered)
 f - 3 javelins
 o - 4 boomerangs
Armour
 b - a +0 robe (worn)
 e - a +0 cloak (worn)
Jewellery
 g - a +4 ring of evasion (left hand)
Scrolls
 c - 2 scrolls of blinking
 i - a scroll of immolation {unknown}
 m - a scroll of identify {unknown}
 n - a scroll of holy word {unknown}
Potions
 h - a potion of haste {unknown}


   Skills:
 + Level 4.1 Fighting
 + Level 3.0 Polearms
 - Level 1.0 Throwing
 + Level 2.9 Dodging
 + Level 3.5 Spellcasting
 + Level 0.0 Conjurations
 - Level 2.6 Translocations
 + Level 0.0 Air Magic
 + Level 0.0 Poison Magic
 + Level 1.0 Invocations


You had one spell level left.
You knew the following spells:

 Your Spells              Type           Power      Damage    Failure   Level
a - Blink                 Tloc           N/A        N/A       10%         2
b - Teleport Other        Tloc           10%        N/A       19%         3
c - Call Imp              Summ           2%         N/A       28%         2
d - Mephitic Cloud        Conj/Pois/Air  2%         N/A       50%         3

Your spell library contained the following spells:

 Spells                   Type           Power      Damage    Failure   Level
 Magic Dart               Conj           8%         1d3       19%         1
 Gell's Gravitas          Tloc           5%         N/A       19%         3
 Lesser Beckoning         Tloc           10%        N/A       19%         3
 Manifold Assault         Tloc           10%        N/A       87%         5


Dungeon Overview and Level Annotations

Branches:
Dungeon (6/15)             Temple (1/1) D:4

Altars:
Ashenzari
Dithmenos
Fedhas
Hepliaklqana
Kikubaaqudgha
Makhleb
Okawaru
Qazlal
Ru
Sif Muna
Vehumet
Wu Jian
Xom

Shops:
D:1 *

Annotations:
D:4 Dowan, Duvessa


Innate Abilities, Weirdness & Mutations

You are too large for most types of armour.
You have tough skin. (AC +1)


Message History

The gnoll hits you with a +0 whip.
There is a stone staircase leading down here.
The gnoll hits you with a +0 whip. The gnoll closely misses you.
You climb downwards.
Found an escape hatch in the ceiling.
There is a stone staircase leading up here.
You completely miss the gnoll. The gnoll hits you with a +0 whip.
The gnoll completely misses you.
You hit the gnoll.
The gnoll is moderately wounded.
The gnoll hits you with a +0 whip.
You hit the gnoll but do no damage.
The gnoll is moderately wounded.
The gnoll hits you with a +0 whip.
* * * LOW HITPOINT WARNING * * *
The gnoll barely misses you.
You barely miss the gnoll.
The gnoll is moderately wounded.
The gnoll barely misses you.
It was a potion of flight.
You feel very buoyant.
You fly up into the air.
The gnoll barely misses you. The gnoll hits you with a +0 whip!
* * * LOW HITPOINT WARNING * * *
It was a potion of curing.
You feel better. The gnoll closely misses you.
You completely miss the gnoll.
The gnoll is moderately wounded.
The gnoll barely misses you.
You barely miss the gnoll.
The gnoll is moderately wounded.
The gnoll completely misses you. The gnoll closely misses you.
You barely miss the gnoll.
The gnoll is moderately wounded.
The gnoll closely misses you.
You hit the gnoll but do no damage.
The gnoll is moderately wounded.
The gnoll hits you with a +0 whip.
* * * LOW HITPOINT WARNING * * *
The gnoll hits you with a +0 whip!
You die...

. .. ###.###
##.####.......
#....g@.......
#..####.......
.......
......<
.......
....### ....#
##..#


You could see a gnoll (fast).

Vanquished Creatures
  An orc priest (D:3)
  3 adders
  3 worms
  A dart slug (D:1)
  4 orcs
  7 endoplasms
  3 giant cockroaches
  6 goblins
  5 hobgoblins
  7 jackals
  2 kobolds
  3 quokkas
  6 ball pythons
  2 bats (D:1)
  6 frilled lizards
  2 rats
61 creatures vanquished.

Vanquished Creatures (collateral kills)
  2 orcs (D:3)
2 creatures vanquished.

Vanquished Creatures (others)
  6 plants (D:3)
6 creatures vanquished.

Grand Total: 69 creatures vanquished

Notes
Turn   | Place    | Note
-------+----------+-------------------------------------------
     0 | D:1      | Shayle the Ogre Warper began the quest for the Orb.
     0 | D:1      | Reached XP level 1. HP: 22/22 MP: 3/3
   538 | D:1      | Reached skill level 3 in Fighting
   538 | D:1      | Reached XP level 2. HP: 29/31 MP: 5/5
   775 | D:1      | Found a faded altar of an unknown god.
  1182 | D:1      | Found Fiecoigof's General Store.
  1191 | D:1      | Bought a scroll of noise for 14 gold pieces
  1437 | D:2      | Upgraded the game from 0.28-a0-479-g5baa6b73be to
                  | 0.28-a0-500-g121bc3e445
  1462 | D:2      | Reached XP level 3. HP: 36/37 MP: 5/7
  1465 | D:2      | Learned a level 2 spell: Blink
  1469 | D:2      | Learned a level 3 spell: Teleport Other
  2480 | D:4      | Reached XP level 4. HP: 38/48 MP: 8/8
  2594 | D:4      | Found a staircase to the Ecumenical Temple.
  2611 | Temple   | Entered the Ecumenical Temple
  2921 | Temple   | Became a worshipper of Qazlal Stormbringer
  3390 | D:2      | Learned a level 2 spell: Call Imp
  3415 | D:3      | Reached skill level 4 in Fighting
  3415 | D:3      | Reached XP level 5. HP: 45/54 MP: 2/10
  3571 | D:3      | Reached skill level 1 in Invocations
  3835 | D:3      | Learned a level 3 spell: Mephitic Cloud
  4169 | D:4      | Noticed Duvessa
  4169 | D:4      | Noticed Dowan
  4174 | D:5      | Entered Level 5 of the Dungeon
  4237 | D:6      | Slain by a gnoll

Illustrated notes

Levels and vault maps discovered:
D:1:      mushboom_english_gardens, layout_loops_corners,
          shapermc_ecumenical_altar_ellora, serial_shops,
          nicolae_shop_waterfront
D:2:      layout_basic
D:3:      layout_basic, serial_forest, infiniplex_forest_clump_double,
          infiniplex_forest_lined_4_way, infiniplex_forest_clump_small,
          infiniplex_forest_pool, infiniplex_forest_zigzag_1
D:4:      layout_loops_ring, nicolae_elyvilon_temple_path,
          minmay_temple_entry_glass, serial_shops, shop, uniq_duvessa
D:5:      layout_gridville, nicolae_tso_besieged_by_evil
D:6:      layout_loops_ring, nicolae_gozag_seed_capital,
          nicolae_overflow_hidden_temple, mainiacjoe_overflow_alcove_1,
          uniq_prince_ribbit1, uniq_eustachio
Temple:   dshaligram_water_room_temple

Skill      XL: |  1  2  3  4  5 |
---------------+----------------+-----
Fighting       | 3 4 |  4.1
Spellcasting   | 3 |  3.5
Polearms       | 3 |  3.0
Invocations    | 1 |  1.0
Throwing       | |  1.0
Dodging        | |  2.9
Translocations | |  2.6

Action                   |  1- 3 |  4- 6 || total
-------------------------+-------+-------++-------
Melee: Spear             |   172 |   142 ||   314
Throw: Boomerang         |     2 |       ||     2
 Cast: Call Imp          |       |     4 ||     4
       Blink             |       |     3 ||     3
  Use: Scroll            |     4 |       ||     4
       Potion            |       |     2 ||     2
Armor: Robe              |    31 |    27 ||    58
Dodge: Dodged            |    90 |   107 ||   197

Table legend: (Time is in decaauts)
 A = Elapsed time spent in this place.
 B = Non-inter-level travel time spent in this place.
 C = Inter-level travel time spent in this place.
 D = Time resting spent in this place.
 E = Time spent auto-exploring this place.
 F = Levels seen in this place.
 G = Mean time per level.
                   A        B        C        D        E       F      G
               +--------+--------+--------+--------+--------+-----+--------+
         Total |   4230 |   4094 |    136 |    708 |   2565 |   7 |  604.3 |
       Dungeon |   3809 |   3696 |    113 |    466 |   2477 |   6 |  634.8 |
        Temple |    421 |    398 |     23 |    242 |     88 |   1 |  421.0 |
               +--------+--------+--------+--------+--------+-----+--------+

Top non-repeatable levels by time:
     D:1: 1397 daAuts
     D:2: 1143 daAuts
     D:3: 828 daAuts
  Temple: 421 daAuts
     D:4: 376 daAuts
     D:5: 52 daAuts
     D:6: 9 daAuts
